 Dungeon Crawl Stone Soup version 0.29.0-4-gdea44cf6ec (webtiles) character file.

Game seed: 5284516542566519518

19 qw the Chopper (level 2, 0/17 HPs)
             Began as a Tengu Warper on Aug 28, 2022.
             Succumbed to their own poison gas
             ... on level 1 of the Dungeon.
             The game lasted 00:00:06 (1268 turns).

qw the Chopper (Tengu Warper)                       Turns: 1268, Time: 00:00:07

Health: 0/17       AC:  5    Str: 11    XL:     2   Next: 75%
Magic:  6/6        EV: 10    Int: 13    God:
Gold:   58         SH:  0    Dex: 13    Spells: 5/5 levels left

rFire   . . .      SeeInvis .   Y - +0 war axe
rCold   . . .      Faith    .   (no shield)
rNeg    . . .      Spirit   .   a - +0 ring mail
rPois   .          Reflect  .   (helmet restricted)
rElec   .          Harm     .   (no cloak)
rCorr   .          Rampage  .   (no gloves)
Will    +....                   (boots unavailable)
Stlth   +.........              (no amulet)
HPRegen 0.05/turn               k - ring of willpower
MPRegen 0.10/turn               (no ring)

@: lethally poisoned (0 -> -4)
A: beak, talons 3
a: no special abilities


You were on level 1 of the Dungeon.
You visited 1 branch of the dungeon, and saw 1 of its levels.

You collected 58 gold pieces.


Innate Abilities, Weirdness & Mutations

You have a beak for a mouth.
You have claws for feet.


   Skills:
 - Level 2.0 Fighting
 + Level 3.5 Axes
 - Level 1.0 Throwing
 - Level 1.1 Armour
 - Level 2.1 Dodging
 - Level 2.0 Spellcasting
 - Level 2.4 Translocations


You had 5 spell levels left.
You didn't know any spells.
Your spell library contained the following spells:

 Spells                   Type           Power      Damage    Failure   Level
 Blink                    Tloc           14%        N/A       34%         2
 Gell's Gravitas          Tloc           7%         N/A       56%         3
 Lesser Beckoning         Tloc           7%         N/A       56%         3
 Teleport Other           Tloc           7%         N/A       56%         3
 Manifold Assault         Tloc           7%         N/A       99%         5

Inventory:

Hand Weapons
 f - a +0 club
 Y - a +0 war axe (weapon)
Armour
 a - a +0 ring mail (worn)
Jewellery
 k - a ring of willpower (left hand)
Potions
 d - a potion of might {unknown}
 i - a potion of flight {unknown}

Dungeon Overview and Level Annotations

Branches:
Dungeon (1/15)

Altars:


Message History

Done exploring.
1125 ||| READING scroll labelled TICOPROTOP.
As you read the scroll labelled TICOPROTOP, it crumbles to dust.
You hear the tinkle of a tiny bell.
It was a scroll of butterflies.
Done exploring.
1126 ||| READING scroll labelled UNOXZI METOA.
As you read the scroll labelled UNOXZI METOA, it crumbles to dust.
Your body is wracked with pain!
It was a scroll of torment.
You start resting.
Your butterfly disappears in a burst of colours! x13
HP restored.
Done exploring.
1261 ||| READING scroll labelled JAMYCR XIUFEXA.
The air fills with toxic fumes!
As you read the scroll labelled JAMYCR XIUFEXA, it crumbles to dust.
It was a scroll of poison.
Done exploring.
1262 ||| DROPPING scroll of blinking.
You drop a scroll of blinking.
Done exploring.
(D) Dungeon
Where to? (* - list waypoints, ? - help)
What level of the Dungeon? (default 1, ? - help) Sorry, I don't know how to get there.
Done exploring.
1263 ||| Stepping randomly (stuck).
Really walk into that cloud of poison gas?
You are engulfed in poison gas.
You are poisoned.
You feel very sick.
1264 ||| Stepping ~*~*~tactically~*~*~ (cloud).
You feel very sick.
Things that are here:
a scroll of blinking; an amulet of faith; a +0 leather armour
There is a lethal amount of poison in your body!
You feel sick.
There is a lethal amount of poison in your body!
You feel sick.
There is a lethal amount of poison in your body!
You feel sick.
There is a lethal amount of poison in your body!
You die...

...# ##.........#
##.# #.....####¤#
#.# #8...8# #¤#
#.#####'''#####¤#
#.##.........##0#
#.##.........##0#
#.##.........##¤#
#.##~.¤....(~##¤####
#.##~.~...~.~#0@¤00#
#.##~.~...~.~#0¤00¤#
#..#~.......~#¤0¤¤0#
##.#.........#¤¤¤0¤#
#.#.........#¤¤¤¤¤#
#.#..[......#¤¤0¤0#
#.#####'#####¤0¤0¤#
#.# 777.#...#######
#.#77..7#...#


There were no monsters in sight!

Vanquished Creatures
  A bat (D:1)
  An endoplasm (D:1)
  A giant cockroach (D:1)
  A goblin (D:1)
  4 jackals (D:1)
  3 kobolds (D:1)
  A quokka (D:1)
  A ball python (D:1)
  2 frilled lizards (D:1)
  A rat (D:1)
  A spectral kobold (D:1)
17 creatures vanquished.

Notes
Turn   | Place    | Note
-------+----------+-------------------------------------------
     0 | D:1      | qw the Tengu Warper began the quest for the Orb.
     0 | D:1      | Reached XP level 1. HP: 12/12 MP: 4/4
     0 | D:1      | 0 ||| qw: Version: 0.1-a-89-g26bdef1
     0 | D:1      | 0 ||| qw: Game counter: 3240
     0 | D:1      | 0 ||| qw: Always use a shield: true
     0 | D:1      | 0 ||| qw: God list: Okawaru
     0 | D:1      | 0 ||| qw: Allow faded altars: false
     0 | D:1      | 0 ||| qw: Do Orc after D:15 true
     0 | D:1      | 0 ||| qw: Do second Lair branch before Depths: true
     0 | D:1      | 0 ||| qw: Lair rune preference: random
     0 | D:1      | 0 ||| qw: Plans: Normal
     0 | D:1      | 0 ||| PLANNING D:1-11
    67 | D:1      | Found a faded altar of an unknown god.
   193 | D:1      | 193 ||| Stepping ~*~*~tactically~*~*~ (stealth).
   200 | D:1      | Reached skill level 3 in Axes
   200 | D:1      | Reached XP level 2. HP: 13/17 MP: 6/6
   202 | D:1      | HP: 4/17 [frozen (5)]
   664 | D:1      | 664 ||| SWAPPING to +0 war axe.
   670 | D:1      | 670 ||| DROPPING +0 hand axe.
  1110 | D:1      | 1110 ||| UPGRADING to +0 ring mail.
  1120 | D:1      | 1120 ||| DROPPING +0 leather armour.
  1121 | D:1      | 1121 ||| DROPPING amulet of faith.
  1122 | D:1      | 1122 ||| UPGRADING to ring of willpower.
  1123 | D:1      | 1123 ||| READING scroll labelled VINOGA IDUZIN.
  1124 | D:1      | 1124 ||| READING scroll labelled TIDEIRYO TUISM.
  1125 | D:1      | 1125 ||| READING scroll labelled TICOPROTOP.
  1126 | D:1      | 1126 ||| READING scroll labelled UNOXZI METOA.
  1261 | D:1      | 1261 ||| READING scroll labelled JAMYCR XIUFEXA.
  1262 | D:1      | 1262 ||| DROPPING scroll of blinking.
  1263 | D:1      | 1263 ||| Stepping randomly (stuck).
  1264 | D:1      | 1264 ||| Stepping ~*~*~tactically~*~*~ (cloud).
  1265 | D:1      | HP: 4/17 [poisoned by you (poison gas)]
  1267 | D:1      | HP: 1/17 [poisoned by you (poison gas)]
  1268 | D:1      | Succumbed to their own poison gas

Levels and vault maps discovered:
D:1:      scummos_arrival_gate, layout_loops_ring,
          dreamdust_ecumenical_altar_drowned_temple, minmay_misc_feat_pillars

Skill      XL: |  1 |
---------------+----+-----
Axes           | 3 |  3.5
Fighting       | |  2.0
Throwing       | |  1.0
Armour         | |  1.1
Dodging        | |  2.1
Spellcasting   | |  2.0
Translocations | |  2.4

Action                   || total
-------------------------++-------
Melee: Hand axe          ||    29
       Kick              ||    12
       War axe           ||     7
       Peck              ||     4
Throw: Boomerang         ||     7
  Use: Scroll            ||     5
Armor: Leather armour    ||     9
Dodge: Dodged            ||    25

Table legend:
 A = Non-vault XP
 B = Vault XP
 C = Vault XP percentage of total XP
 D = Non-vault monster count
 E = Vault monster count
 F = Vault count percentage of total count
                 A         B        C        D         E       F
            +---------+---------+-------+---------+---------+-------
      Total |      27 |       1 |   3.6 |      16 |       1 |   5.9
            +---------+---------+-------+---------+---------+-------
        D:1 |      27 |       1 |   3.6 |      16 |       1 |   5.9
            +---------+---------+-------+---------+---------+-------
